 Dungeon Crawl Stone Soup version 0.28-a0-1518-gbe868bca14 (webtiles) character file.

Game seed: 6806373401167508863

4692 comborobin the Covert (level 10, 0/82 HPs)
             Began as a Gnoll Delver on Jan 17, 2022.
             Was a Priest of Cheibriados.
             Shot with an arrow by a centaur warrior (22 damage)
             ... on level 8 of the Dungeon.
             The game lasted 00:10:00 (5305 turns).

comborobin the Covert (Gnoll Delver)                Turns: 5305, Time: 00:10:01

Health: 0/82       AC: 11    Str: 18    XL:     10   Next: 44%
Magic:  17/17      EV: 12    Int: 26    God:    Cheibriados [***...]
Gold:   182        SH: 13    Dex: 20    Spells: 14/19 levels left

rFire   . . .      SeeInvis .   f - +6 dagger "Duary" {elec, Int+4}
rCold   . . .      Faith    .   l - +2 kite shield
rNeg    . . .      Spirit   .   A - +0 scale mail
rPois   .          Reflect  .   o - +0 helmet
rElec   .          Harm     .   (no cloak)
rCorr   .          Rampage  .   p - +0 pair of gloves
Will    .....                   z - +0 pair of boots
Stlth   ++++......              h - amulet of regeneration
HPRegen 1.03/turn               (no ring)
MPRegen 0.15/turn               (no ring)

@: very slow
A: fangs 1, strong nose, distributed training, clever 1, weak 1
a: Renounce Religion, Bend Time, Temporal Distortion


You were on level 8 of the Dungeon.
You worshipped Cheibriados.
Cheibriados was most pleased with you.
You visited 1 branch of the dungeon, and saw 5 of its levels.

You collected 182 gold pieces.

Inventory:

Hand Weapons
 f - the +6 dagger "Duary" (weapon) {elec, Int+4}
   (You found it on level 5 of the Dungeon)

   It occasionally discharges a powerful burst of electricity upon striking a
   foe.
   Int:       It affects your intelligence (+4).
Missiles
 a - 2 throwing nets
 u - 17 poisoned darts (quivered)
Armour
 b - a +0 leather armour
 j - a +0 ring mail
 l - a +2 kite shield (worn)
 o - a +0 helmet (worn)
 p - a +0 pair of gloves (worn)
 z - a +0 pair of boots (worn)
 A - a +0 scale mail (worn)
Jewellery
 h - an amulet of regeneration (around neck)
 x - a +6 ring of dexterity
Wands
 g - a wand of digging (3)
 i - a wand of mindburst (3)
 y - a wand of flame (7)
Scrolls
 c - 2 scrolls of fog
 d - a scroll of summoning {unknown}
 e - a scroll of fear
 k - 7 scrolls of enchant weapon {unknown}
 n - a scroll of teleportation {unknown}
 s - a scroll of amnesia {unknown}
 t - a scroll of identify {unknown}
 v - a scroll of noise {unknown}
 w - a scroll of silence {unknown}
Potions
 m - 3 potions of heal wounds {unknown}
 q - a potion of degeneration {unknown}
 r - a potion of attraction {unknown}
 B - a potion of brilliance {unknown}


   Skills:
 + Level 8.5 Fighting
 + Level 5.3 Short Blades
 + Level 5.3 Long Blades
 + Level 5.3 Axes
 + Level 7.1 Maces & Flails
 + Level 5.3 Polearms
 + Level 5.3 Staves
 + Level 5.3 Slings
 + Level 5.3 Bows
 + Level 5.3 Crossbows
 + Level 5.3 Throwing
 + Level 5.3 Armour
 + Level 7.1 Dodging
 + Level 10.9 Stealth
 + Level 5.3 Shields
 + Level 5.3 Unarmed Combat
 + Level 5.3 Spellcasting
 + Level 4.3 Conjurations
 + Level 4.3 Hexes
 + Level 4.3 Summonings
 + Level 4.3 Necromancy
 + Level 4.3 Translocations
 + Level 4.3 Transmutations
 + Level 4.3 Fire Magic
 + Level 4.3 Ice Magic
 + Level 4.3 Air Magic
 + Level 4.3 Earth Magic
 + Level 4.3 Poison Magic
 + Level 5.8 Invocations
 + Level 5.3 Evocations


You had 14 spell levels left.
You knew the following spells:

 Your Spells              Type           Power      Damage    Failure   Level
a - Shock                 Conj/Air       100%       1d9       11%         1
b - Blink                 Tloc           58%        N/A       16%         2
g - Sublimation of Blood  Necr           29%        N/A       16%         2

Your spell library contained the following spells:

 Spells                   Type           Power      Damage    Failure   Level
 Swiftness                Air            29%        N/A       30%         3
 Airstrike                Air            14%        N/A       71%         4
 Petrify                  Tmut/Erth      29%        N/A       71%         4
 Irradiate                Conj/Tmut      14%        3d18      96%         5
 Manifold Assault         Tloc           29%        N/A       96%         5
 Storm Form               Tmut/Air       14%        N/A       100%        7


Dungeon Overview and Level Annotations

Branches:
Dungeon (8/15)             Temple (0/1) D:7
   Lair: D:8-11

Altars:
Cheibriados
Fedhas
Gozag
Nemelex Xobeh
Sif Muna
Uskayaw
Yredelemnul

Annotations:
D:4 3 runed translucent doors, buddhastalin's ghost, amateur KoBe
D:5 Blork the orc


Innate Abilities, Weirdness & Mutations

You have very sharp teeth.
Your uncanny sense of smell can sniff out nearby items.
Your experience applies equally to all skills.
Your mind is acute. (Int +2)
You are weak. (Str -2)


Message History

You puncture the centaur warrior!
The centaur warrior is severely wounded.
The centaur warrior hits you. The centaur warrior misses you.
You block the centaur warrior's attack. x2
The centaur warrior wields a +0 longbow.
The centaur warrior shoots an arrow.
You block the arrow. The centaur warrior closely misses you.
The centaur warrior kicks you but does no damage.
The centaur warrior shoots an arrow.
You block the arrow.
Unknown command.
Unknown command.
You hit the centaur warrior.
The centaur warrior is almost dead.
The centaur warrior barely misses you.
The centaur warrior kicks you but does no damage.
The centaur warrior shoots an arrow.
The arrow hits you!
You block the centaur warrior's attack. x2
The centaur warrior shoots an arrow.
You block the arrow.
You hit the centaur warrior.
The centaur warrior is almost dead.
The centaur warrior hits you but does no damage.
You block the centaur warrior's attack.
The centaur warrior shoots an arrow.
The arrow hits you!!
* * * LOW HITPOINT WARNING * * *
Unknown command.
Okay, then.
As you read the scroll of fear, it crumbles to dust.
You assume a fearsome visage.
The centaur warrior looks frightened! x2
The centaur warrior begs for mercy.
Cornered, the centaur warrior turns to fight!
The centaur warrior wields a +0 shortbow.
The centaur warrior shoots an arrow.
You block the arrow.
The centaur warrior shoots an arrow.
The arrow hits you.
* * * LOW HITPOINT WARNING * * *
The centaur warrior shoots an arrow.
You block the arrow.
The centaur warrior shoots an arrow.
You block the arrow.
There is a stone staircase leading up here.
The centaur warrior shoots an arrow.
The arrow barely misses you.
The centaur warrior shoots an arrow.
The arrow hits you!!
You die...

###.####.. ##.#
...8.....## #..#
###.####..## #.##
#.#.#c###..## #.#
.##.##.###..# #.#
###.###.....# #.#
##...##c....# #.#
#.....#..#..######.#
..........@.(......#
...c....##..########
#.......##..#
#...........#
#############


You could see 2 centaur warriors.

Vanquished Creatures
  Harold (D:7)
  12 yaks
  A wyvern (D:7)
  An orc warrior (D:4)
  3 black bears
  2 sky beasts
  2 necrophages (D:7)
  2 ogres
  A kobold brigand (D:7)
  A gnoll sergeant (D:8)
  A wyvern zombie (D:7)
  A scorpion (D:6)
  A water moccasin skeleton (D:5)
  A wight (D:7)
  6 howler monkeys
  3 centaur skeletons (D:7)
  2 centaur zombies
  5 orc priests
  A hound (D:5)
  A bullfrog skeleton (D:7)
  2 iguanas
  5 orc wizards
  A hound zombie (D:5)
  A hound skeleton (D:4)
  A mummy (D:7)
  2 howler monkey zombies
  4 adders
  A howler monkey skeleton (D:6)
  5 gnolls (D:8)
  3 white imps
  An ufetubus (D:5)
  2 worms
  21 orcs
  An endoplasm (D:4)
  A giant cockroach (D:4)
  A quokka (D:5)
  8 kobolds
108 creatures vanquished.

Notes
Turn   | Place    | Note
-------+----------+-------------------------------------------
     0 | D:5      | Reached skill level 9 in Stealth
     0 | D:5      | comborobin the Gnoll Delver began the quest for the Orb.
     0 | D:5      | Reached XP level 1. HP: 23/23 MP: 1/1
   104 | D:6      | Noticed an orc wizard
   105 | D:6      | Noticed a yak
   249 | D:5      | Noticed a howler monkey
   260 | D:5      | Killed a howler monkey
   261 | D:5      | Reached XP level 2. HP: 19/29 MP: 1/3
   261 | D:5      | Reached XP level 3. HP: 23/35 MP: 1/4
   390 | D:5      | Identified the +6 dagger "Duary" {elec, Int+4}
   403 | D:5      | Learned a level 2 spell: Blink
   442 | D:5      | Reached skill level 1 in Short Blades
   442 | D:5      | Reached skill level 1 in Long Blades
   442 | D:5      | Reached skill level 1 in Axes
   442 | D:5      | Reached skill level 1 in Polearms
   442 | D:5      | Reached skill level 1 in Staves
   442 | D:5      | Reached skill level 1 in Slings
   442 | D:5      | Reached skill level 1 in Bows
   442 | D:5      | Reached skill level 1 in Crossbows
   442 | D:5      | Reached skill level 1 in Throwing
   442 | D:5      | Reached skill level 1 in Armour
   442 | D:5      | Reached skill level 1 in Shields
   442 | D:5      | Reached skill level 1 in Unarmed Combat
   442 | D:5      | Reached skill level 1 in Spellcasting
   442 | D:5      | Reached skill level 1 in Invocations
   442 | D:5      | Reached skill level 1 in Evocations
   442 | D:5      | Reached XP level 4. HP: 17/41 MP: 5/5
   502 | D:5      | Noticed a sky beast
   505 | D:5      | Reached skill level 1 in Conjurations
   505 | D:5      | Reached skill level 1 in Hexes
   505 | D:5      | Reached skill level 1 in Summonings
   505 | D:5      | Reached skill level 1 in Necromancy
   505 | D:5      | Reached skill level 1 in Translocations
   505 | D:5      | Reached skill level 1 in Transmutations
   505 | D:5      | Reached skill level 1 in Fire Magic
   505 | D:5      | Reached skill level 1 in Ice Magic
   505 | D:5      | Reached skill level 1 in Air Magic
   505 | D:5      | Reached skill level 1 in Earth Magic
   505 | D:5      | Reached skill level 1 in Poison Magic
   599 | D:5      | Reached XP level 5. HP: 47/47 MP: 6/6
   808 | D:5      | Noticed an ogre
   817 | D:5      | Killed an ogre
   818 | D:5      | Reached XP level 6. HP: 53/53 MP: 8/8
   886 | D:5      | Noticed Blork the orc
  1154 | D:5      | Found a shimmering blue altar of Sif Muna.
  1542 | D:5      | Killed a sky beast
  1543 | D:5      | Reached skill level 5 in Maces & Flails
  1543 | D:5      | Reached skill level 5 in Dodging
  1680 | D:4      | Found a snail-covered altar of Cheibriados.
  1685 | D:4      | Became a worshipper of Cheibriados the Contemplative
  1764 | D:4      | Noticed an orc warrior
  1767 | D:4      | Killed an orc warrior
  1768 | D:4      | Reached XP level 7. HP: 59/59 MP: 10/10
  1872 | D:4      | Found a runed translucent gate.
  1874 | D:4      | Found an opulent altar of Gozag.
  1875 | D:4      | Found a runed translucent gate.
  1876 | D:4      | Found a runed translucent gate.
  1877 | D:4      | Noticed buddhastalin's ghost (amateur KoBe)
  1898 | D:4      | Found a hide-covered altar of Uskayaw.
  2633 | D:6      | Noticed a yak
  2634 | D:6      | Noticed a yak
  2634 | D:6      | Noticed a yak
  2634 | D:6      | Noticed a yak
  2661 | D:5      | Killed a yak
  2703 | D:5      | Reached skill level 10 in Stealth
  2719 | D:6      | Killed a yak
  2791 | D:6      | Noticed a yak
  2808 | D:6      | Killed a yak
  2809 | D:6      | Reached XP level 8. HP: 67/67 MP: 12/12
  2809 | D:6      | Killed a yak
  2813 | D:6      | Killed a yak
  2819 | D:6      | Killed a yak
  3081 | D:6      | Learned a level 2 spell: Sublimation of Blood
  3100 | D:5      | Reached * piety under Cheibriados
  3201 | D:6      | Learned a level 1 spell: Shock
  3261 | D:6      | Found a basalt altar of Yredelemnul.
  3301 | D:6      | Reached XP level 9. HP: 57/73 MP: 14/14
  3805 | D:7      | Reached ** piety under Cheibriados
  3874 | D:7      | Found a staircase to the Ecumenical Temple.
  4076 | D:7      | Noticed Harold
  4080 | D:7      | Gained mutation: You are weak. (Str -2) [potion of
                  | mutation]
  4080 | D:7      | Gained mutation: Your mind is acute. (Int +2) [potion of
                  | mutation]
  4088 | D:7      | Killed Harold
  4089 | D:7      | Reached skill level 5 in Invocations
  4089 | D:7      | Reached XP level 10. HP: 71/80 MP: 15/17
  4614 | D:8      | Reached skill level 5 in Short Blades
  4614 | D:8      | Reached skill level 5 in Long Blades
  4614 | D:8      | Reached skill level 5 in Axes
  4614 | D:8      | Reached skill level 5 in Polearms
  4614 | D:8      | Reached skill level 5 in Staves
  4614 | D:8      | Reached skill level 5 in Slings
  4614 | D:8      | Reached skill level 5 in Bows
  4614 | D:8      | Reached skill level 5 in Crossbows
  4614 | D:8      | Reached skill level 5 in Throwing
  4614 | D:8      | Reached skill level 5 in Armour
  4614 | D:8      | Reached skill level 5 in Shields
  4614 | D:8      | Reached skill level 5 in Unarmed Combat
  4614 | D:8      | Reached skill level 5 in Spellcasting
  4614 | D:8      | Reached skill level 5 in Evocations
  4767 | D:8      | Reached *** piety under Cheibriados
  4917 | D:8      | Found a blossoming altar of Fedhas.
  5130 | D:8      | Found a sparkling altar of Nemelex Xobeh.
  5286 | D:8      | Noticed a centaur warrior
  5291 | D:8      | Noticed a centaur warrior
  5305 | D:8      | Shot with an arrow by a centaur warrior

Illustrated notes

Levels and vault maps discovered:
D:4:      layout_loops_corners, cheibriados_altar_1,
          nicolae_uskayaw_murder_on_the_dancefloor, ebering_ghost_gozag
D:5:      layout_loops_cross, tgw_sif
D:6:      layout_loops_ring, nicolae_overflow_hidden_temple
D:7:      layout_basic, minmay_temple_entry_hall, serial_undead,
          serial_undead_c, serial_undead_e, serial_undead_a, serial_undead_e,
          nrook_mini_backslash, minmay_liquid_box, uniq_harold
D:8:      layout_loops_corners, mainiacjoe_overflow_24_doors,
          mainiacjoe_overflow_cross_hatched, kb_rosetta

Skill      XL: |  1  2  3  4  5  6  7  8  9 10 |
---------------+-------------------------------+-----
Stealth        | 10 | 10.9
Short Blades   | 1 2 3 4 5 |  5.3
Long Blades    | 1 2 3 4 5 |  5.3
Axes           | 1 2 3 4 5 |  5.3
Polearms       | 1 2 3 4 5 |  5.3
Staves         | 1 2 3 4 5 |  5.3
Slings         | 1 2 3 4 5 |  5.3
Bows           | 1 2 3 4 5 |  5.3
Crossbows      | 1 2 3 4 5 |  5.3
Throwing       | 1 2 3 4 5 |  5.3
Armour         | 1 2 3 4 5 |  5.3
Shields        | 1 2 3 4 5 |  5.3
Unarmed Combat | 1 2 3 4 5 |  5.3
Spellcasting   | 1 2 3 4 5 |  5.3
Invocations    | 1 2 3 4 5 |  5.8
Evocations     | 1 2 3 4 5 |  5.3
Conjurations   | 1 2 3 4 |  4.3
Hexes          | 1 2 3 4 |  4.3
Summonings     | 1 2 3 4 |  4.3
Necromancy     | 1 2 3 4 |  4.3
Translocations | 1 2 3 4 |  4.3
Transmutations | 1 2 3 4 |  4.3
Fire Magic     | 1 2 3 4 |  4.3
Ice Magic      | 1 2 3 4 |  4.3
Air Magic      | 1 2 3 4 |  4.3
Earth Magic    | 1 2 3 4 |  4.3
Poison Magic   | 1 2 3 4 |  4.3
Maces & Flails | 5 6 7 |  7.1
Dodging        | 5 6 7 |  7.1
Fighting       | 7 8 |  8.5

Action                   |  1- 3 |  4- 6 |  7- 9 | 10-12 || total
-------------------------+-------+-------+-------+-------++-------
Melee: Mace              |     7 |       |       |       ||     7
       Bite              |     2 |     2 |    26 |     8 ||    38
       Dagger            |     9 |    40 |   175 |    88 ||   312
       Punch             |       |     1 |    10 |     4 ||    15
       Unarmed           |       |       |       |    14 ||    14
Throw: Dart              |       |     1 |     1 |       ||     2
 Cast: Blink             |       |     7 |       |       ||     7
Evoke: Wand              |       |       |       |     3 ||     3
  Use: Potion            |     1 |       |     3 |     1 ||     5
       Scroll            |     1 |       |       |     1 ||     2
 Stab: Sleeping          |       |     8 |    13 |     7 ||    28
       Distracted        |       |     1 |       |       ||     1
       Invisible         |       |       |     2 |     2 ||     4
Armor: Leather armour    |     2 |     5 |    30 |     2 ||    39
       Scale mail        |       |       |       |    14 ||    14
       Skin              |       |       |       |    11 ||    11
       Ring mail         |       |       |       |     3 ||     3
Dodge: Dodged            |     3 |    18 |   124 |    47 ||   192
Block: Kite shield       |       |       |       |    32 ||    32

Table legend: (Time is in decaauts)
 A = Elapsed time spent in this place.
 B = Non-inter-level travel time spent in this place.
 C = Inter-level travel time spent in this place.
 D = Time resting spent in this place.
 E = Time spent auto-exploring this place.
 F = Levels seen in this place.
 G = Mean time per level.
                   A        B        C        D        E       F      G
               +--------+--------+--------+--------+--------+-----+--------+
         Total |   6485 |   6243 |    242 |    601 |   4229 |   5 | 1297.0 |
       Dungeon |   6485 |   6243 |    242 |    601 |   4229 |   5 | 1297.0 |
               +--------+--------+--------+--------+--------+-----+--------+

Top non-repeatable levels by time:
     D:5: 1582 daAuts
     D:7: 1293 daAuts
     D:4: 1235 daAuts
     D:6: 1226 daAuts
     D:8: 1146 daAuts
